 Dungeon Crawl Stone Soup version 0.27.1 (webtiles) character file.

Game seed: 2591221214101053460

773 H0rd4k the Caller (level 7, -7/47 HPs)
             Began as a Barachi Summoner on Aug 25, 2021.
             Killed from afar by an electric eel (13 damage)
             ... with a bolt of electricity
             ... on level 6 of the Dungeon.
             The game lasted 00:17:04 (9839 turns).

H0rd4k the Caller (Barachi Summoner)                Turns: 9839, Time: 00:17:05

Health: -7/47      AC:  3    Str:  9    XL:     7   Next: 83%
Magic:  16/16      EV: 16    Int: 23    God:
Gold:   318        SH:  0    Dex: 13    Spells: 11/18 levels left

rFire    . . .     SeeInvis .   B - +1 dagger (venom)
rCold    . . .     Faith    +   (no shield)
rNeg     . . .     Spirit   .   t - +0 leather armour {rPois}
rPois    +         Reflect  .   (no helmet)
rElec    .         Harm     .   (no cloak)
rCorr    .         Rampage  .   (no gloves)
Will     .....                  (no boots)
Stlth    ++........             u - amulet of faith
HPRegen  0.15/turn              e - +6 ring of intelligence
MPRegen  0.15/turn              y - +4 ring of evasion

@: slow
A: amphibious, slowness 1, strong legs 1, +LOS
a: Hop


You were on level 6 of the Dungeon.
You visited 1 branch of the dungeon, and saw 6 of its levels.

You collected 318 gold pieces.

Inventory:

Hand Weapons
 l - a +2 vorpal hunting sling
 B - a +1 dagger of venom (weapon)
Missiles
 a - 4 poisoned darts
 r - 6 atropa-tipped darts
Armour
 t - a +0 leather armour of poison resistance (worn)
Jewellery
 e - a +6 ring of intelligence (left hand)
 u - an amulet of faith (around neck)
 y - a +4 ring of evasion (right hand)
Wands
 k - a wand of flame (16)
 m - a wand of paralysis (9)
 z - a wand of polymorph (11)
Scrolls
 b - 4 scrolls of vulnerability
 c - 2 scrolls of amnesia
 d - 3 scrolls of magic mapping {unknown}
 f - 2 scrolls of teleportation {unknown}
 g - 2 scrolls of blinking {unknown}
 i - 4 scrolls of identify {unknown}
 q - a scroll of silence {unknown}
 s - a scroll of fear {unknown}
 A - a scroll of immolation {unknown}
Potions
 h - a potion of degeneration {unknown}
 j - 2 potions of curing
 n - a potion of lignification {unknown}
 p - a potion of haste {unknown}
 v - a potion of cancellation {unknown}
 w - a potion of brilliance {unknown}
 x - a potion of flight {unknown}


   Skills:
 + Level 0.4 Fighting
 + Level 2.5 Dodging
 - Level 1.7 Stealth
 * Level 6.4 Spellcasting
 + Level 2.1 Hexes
 * Level 7.9 Summonings


You had 11 spell levels left.
You knew the following spells:

 Your Spells              Type           Power      Damage    Failure   Level
a - Summon Small Mammal   Summ           100%       N/A       1%          1
b - Call Canine Familiar  Summ           44%        N/A       1%          3
c - Confusing Touch       Hex            17%        N/A       14%         3

Your spell library contained the following spells:

 Spells                   Type           Power      Damage    Failure   Level
 Call Imp                 Summ           44%        N/A       1%          2
 Summon Guardian Golem    Hex/Summ       30%        N/A       4%          3
 Slow                     Hex            17%        N/A       8%          2
 Summon Lightning Spire   Summ/Air       25%        N/A       22%         4
 Ignite Poison            Fire/Tmut/Pois 7%         N/A       34%         3
 Mephitic Cloud           Conj/Pois/Air  7%         N/A       34%         3
 Yara's Violent Unravell  Hex/Tmut       6%         3d5       90%         5
 Bolt of Magma            Conj/Fire/Erth 3%         4d5       97%         5


Dungeon Overview and Level Annotations

Branches:
Dungeon (6/15)
 Temple: D:4-7

Altars:
Gozag
Hepliaklqana
Makhleb

Shops:
D:2 :   D:6 !

Annotations:
D:1 exclusion: downstairs
D:4 exclusion: downstairs
D:5 exclusion: ice beast
D:6 3 exclusions


Innate Abilities, Weirdness & Mutations

You are amphibious.
You cover ground slowly.
You can hop short distances.
You have an extended range of vision and can be seen from far away.


Message History

What are your orders? t - Croak!
Orders for allies: a - Attack new target. r - Retreat! s - Stop attacking. g - Guard the area. f - Follow me.
Anything else - Cancel.
Guard this area!
Your hound bites the dart slug.
The dart slug launches a dart at you. The slug dart hits you.
Your hound bites the dart slug.
Your hound bites the dart slug.
The dart slug dies!
Your hound bites the jelly.
Your hound is burned by acid!
Your hound bites the jelly.
Your hound is burned by acid!
The jelly barely misses you.
Your hound bites the jelly.
Your hound is burned by acid!
The jelly barely misses you.
Your hound bites the jelly.
Your hound is burned by acid!
Your hound bites the jelly.
The jelly dies!
The electric eel shoots out a bolt of lightning at you!
The bolt of electricity hits you!
A wight comes into view.
It is wielding a +1 short sword of freezing.
The electric eel shoots out a bolt of lightning at you!
The bolt of electricity hits your hound!
Your hound dies!
Your hound's corpse disappears in a puff of smoke!
The bolt of electricity hits you!
The electric eel shoots out a bolt of lightning at you!
The bolt of electricity hits you!
The electric eel shoots out a bolt of lightning at you!
The bolt of electricity hits you!
* * * LOW HITPOINT WARNING * * *
Unknown command.
The electric eel shoots out a bolt of lightning at you!
The bolt of electricity hits you!
You die...

#.. .. .#≈≈#≈≈≈≈? #..
#.##≈≈#≈≈≈≈#. #..
...≈≈≈≈≈≈≈.. #..#
#...#≈≈≈≈≈♣< #...
..≈≈≈≈≈≈≈..
#...######.;≈≈≈≈≈≈≈.
#...........≈≈≈#≈≈≈.
##.##...###.§.≈≈≈≈≈♣
#...@...z.#..#≈≈≈≈≈≈.
.#########...## ≈≈≈≈≈;
.....z........###.≈≈≈≈
...........##....##≈≈.
.############'#.......
#...............
#...h.......#...
#...........# ##
#...........#


You could see an electric eel and a wight.

Vanquished Creatures (collateral kills)
  Eustachio (D:5)
  Menkaure (D:5)
  2 water moccasins (D:6)
  An orc warrior (D:5)
  An ogre (D:4)
  A phantom (D:4)
  A kobold brigand (D:6)
  A water moccasin zombie (D:6)
  A howler monkey (D:5)
  A centaur zombie (D:5)
  2 hounds
  A jelly (D:6)
  Ijyb (D:3)
  An orc priest (D:3)
  A bullfrog skeleton (D:6)
  An orc wizard (D:6)
  Natasha (thrice) (D:4 D:5)
  2 iguanas
  A killer bee zombie (D:6)
  A hound skeleton (D:4)
  A howler monkey zombie (D:3)
  Robin (D:2)
  10 adders
  2 worms
  12 dart slugs
  6 orcs
  9 endoplasms
  2 giant cockroaches
  13 goblins
  9 hobgoblins
  2 jackals (D:3)
  13 kobolds
  2 quokkas
  8 ball pythons
  6 bats
  3 frilled lizards
  3 rats
127 creatures vanquished.

Notes
Turn   | Place    | Note
-------+----------+-------------------------------------------
     0 | D:1      | H0rd4k the Barachi Summoner began the quest for the Orb.
     0 | D:1      | Reached XP level 1. HP: 13/13 MP: 3/3
   112 | D:1      | Reached skill level 5 in Summonings
   656 | D:1      | Reached XP level 2. HP: 19/19 MP: 0/5
   811 | D:1      | Found a faded altar of an unknown god.
  2005 | D:2      | Reached XP level 3. HP: 20/24 MP: 1/7
  2009 | D:2      | Learned a level 3 spell: Call Canine Familiar
  2160 | D:2      | Learned a level 3 spell: Confusing Touch
  2164 | D:2      | Found Mykuc's Book Emporium.
  2372 | D:2      | Noticed Robin
  3662 | D:3      | Reached XP level 4. HP: 30/30 MP: 5/9
  4439 | D:3      | Noticed Ijyb
  5102 | D:3      | Killed Ijyb
  5103 | D:3      | Reached skill level 6 in Summonings
  5470 | D:4      | Noticed Natasha
  5477 | D:4      | Killed Natasha
  5478 | D:4      | Reached XP level 5. HP: 36/36 MP: 3/11
  5556 | D:4      | Noticed a phantom
  5565 | D:4      | Noticed Natasha
  5573 | D:5      | Entered Level 5 of the Dungeon
  5581 | D:5      | Killed Natasha
  5700 | D:5      | Noticed an ice beast
  5914 | D:4      | Noticed an ogre
  5924 | D:4      | Killed an ogre
  5969 | D:4      | Killed a phantom
  5970 | D:4      | Reached skill level 1 in Hexes
  5970 | D:4      | Reached XP level 6. HP: 42/42 MP: 6/13
  6895 | D:2      | Killed Robin
  7415 | D:5      | Noticed Eustachio
  7432 | D:5      | Killed Eustachio
  7433 | D:5      | Reached skill level 5 in Spellcasting
  7595 | D:5      | Noticed Menkaure
  7600 | D:5      | Noticed Natasha
  7604 | D:5      | Killed Menkaure
  7605 | D:5      | Reached skill level 7 in Summonings
  7605 | D:5      | Reached XP level 7. HP: 43/47 MP: 7/15
  7607 | D:5      | Killed Natasha
  7744 | D:5      | Found a hazy altar of Hepliaklqana.
  7908 | D:5      | Found a burning altar of Makhleb.
  9722 | D:6      | Found an opulent altar of Gozag.
  9740 | D:6      | Found Pitwodat's Distillery.
  9839 | D:6      | Killed from afar by an electric eel

Illustrated notes

Levels and vault maps discovered:
D:1:      co_arrival_random_square_maze, layout_loops_ring,
          ebering_ecumenical_altar_box
D:2:      layout_loops_ring, serial_shops, nicolae_shop_trees, uniq_robin
D:3:      layout_basic, serial_aquarium, aquarium_bridge_straight
          [aquarium_subvault_bridge, aquarium_subvault_window,
          aquarium_subvault_bridge, aquarium_subvault_window],
          aquarium_bridge_square [aquarium_subvault_bridge,
          aquarium_subvault_wall, aquarium_subvault_wall,
          aquarium_subvault_bridge], aquarium_window_fake,
          aquarium_window_double, aquarium_view_2g, aquarium_view_2b, uniq_ijyb
D:4:      layout_cave_pools, uniq_natasha
D:5:      layout_loops_ring, lightli_temple_of_fire,
          mainiacjoe_overflow_concentric_impassable, uniq_eustachio,
          uniq_menkaure
D:6:      kennysheep_slugbush, layout_basic,
          mainiacjoe_overflow_six_doors_small, serial_shops, shop

Skill      XL: |  1  2  3  4  5  6  7 |
---------------+----------------------+-----
Summonings     | 5 6 7 |  7.9
Spellcasting   | 3 4 5 6 |  6.4
Hexes          | 1 2 |  2.1
Fighting       | |  0.4
Dodging        | |  2.5
Stealth        | |  1.7

Action                   |  1- 3 |  4- 6 |  7- 9 || total
-------------------------+-------+-------+-------++-------
Melee: Unarmed           |    19 |     1 |       ||    20
       Dagger            |       |     4 |       ||     4
 Cast: Summon Small Mamm |   148 |    46 |    17 ||   211
       Call Canine Famil |       |    30 |    20 ||    50
 Abil: Hop               |     1 |       |     2 ||     3
Evoke: Wand              |       |       |     1 ||     1
  Use: Scroll            |       |       |     2 ||     2
       Potion            |       |       |     1 ||     1
 Stab: Distracted        |     1 |       |       ||     1
Armor: Robe              |    13 |     7 |       ||    20
       Leather armour    |       |       |     3 ||     3
Dodge: Dodged            |    85 |    40 |    17 ||   142
